Map: Dusk Towers

Players

Fropez

  • Race: Protoss Protoss
  • League: Silver
  • Spawn Location: 1:00

Naxymus - Winner!

  • Race: Protoss Protoss
  • League: Bronze
  • Spawn Location: 7:00

VOD

Have the link to the VOD?

Description

Time

  • Played on: April 18, 2016, 7:15 p.m.
  • Length: 5:26
Show
View Real Time Build Order
Export as new Build Order

Fropez Protoss 

Build Orders:  

Get SALT Encoding   

  12  0:06  Probe (Chrono Boost)  
  13  0:18  Pylon  
  13  0:20  Probe (Chrono Boost)  
  14  0:36  Gateway  
  14  0:40  Pylon  
  14  0:45  Probe (Chrono Boost)  
  15  1:02  Probe (Chrono Boost)  
  16  1:12  Probe (Chrono Boost)  
  16  1:14  Pylon  
  17  1:21  Assimilator  
  17  1:23  Probe (Chrono Boost)  
  18  1:25  Zealot  
  18  1:26  Assimilator  
  20  1:48  Probe (Chrono Boost)  
  21  1:57  Cybernetics Core  
  21  1:58  Probe (Chrono Boost)  
  22  2:09  Pylon, Probe (Chrono Boost)  
  22  2:19  Probe (Chrono Boost)  
  23  2:40  Warp Gate (Chrono Boost)  
  23  2:41  Nexus  
  23  2:44  Mothership Core  
  25  3:00  Stalker  
  25  3:05  Probe  
  26  3:17  Probe  
  27  3:23  Pylon  
  27  3:29  Probe  
  27  3:30  Stalker  
  30  3:41  Pylon, Probe  
  31  3:53  Probe  
  32  4:00  Forge  
  32  4:03  Pylon  
  32  4:10  Probe  
  31  4:50  Photon Cannon  
  31  5:12  Gateway  
  29  5:18  Photon Cannon  
  29  5:19  Pylon  
  29  5:20  Pylon  
  26  5:22  Zealot  
Show
View Real Time Build Order
Export as new Build Order

Naxymus Protoss - Winner!

Build Orders:  

Get SALT Encoding   

  12  0:02  Probe (Chrono Boost)  
  13  0:13  Probe (Chrono Boost)  
  14  0:18  Pylon  
  14  0:23  Probe (Chrono Boost)  
  15  0:37  Probe (Chrono Boost)  
  15  0:39  Gateway  
  16  0:47  Probe (Chrono Boost)  
  17  0:53  Gateway  
  17  0:58  Probe (Chrono Boost)  
  18  1:04  Assimilator  
  18  1:08  Probe (Chrono Boost)  
  19  1:16  Gateway  
  19  1:27  Cybernetics Core  
  18  1:49  Zealot  
  18  1:50  Zealot  
  22  1:58  Pylon  
  22  2:14  Warp Gate (Chrono Boost)  
  22  2:17  Zealot (Chrono Boost)  
  26  2:37  Zealot (Chrono Boost)  
  26  2:41  Zealot (Chrono Boost)  
  28  2:46  Stalker (Chrono Boost)  
  28  2:50  Pylon  
  30  3:15  Stalker  
  30  3:17  Zealot  
  34  3:20  Stalker  
  34  4:11  Nexus  
  34  4:14  Assimilator  
  22  4:49  Stalker  
  22  4:50  Stalker x2  
Tags
 
Matchup
PvP
Replay Pack
All Mines
Spawn Locations
Cross Positions
Add a new tag
Caveats
  • Supply blocks, unpowered buildings, or Contaminate may cause inaccurate times.
  • Supply counts are checked every 10 seconds.